 Dungeon Crawl Stone Soup version 0.26-a0-259-g1effd001a9 (webtiles) character file.

Game seed: 17093356441154614916

608 mortelune the Slasher (level 7, -9/57 HPs)
             Began as a Formicid Abyssal Knight on July 19, 2020.
             Was a Believer of Lugonu.
             Mangled by an orc warrior
             ... wielding a cursed -1 dire flail
              (18 damage)
             ... on level 8 of the Dungeon.
             The game lasted 00:10:19 (5210 turns).

mortelune the Slasher (Formicid Abyssal Knight)     Turns: 5210, Time: 00:10:20

Health: -9/57      AC:  9    Str: 16 (18) XL:     7   Next: 71%
Magic:  8/8        EV:  6    Int: 10 (11) God:    Lugonu [**....]
Gold:   252        SH:  0    Dex:  8 (11) Spells: 6/6 levels left

rFire    + . .     SeeInvis +   a - +2 falchion
rCold    x . .     Faith    .   (no shield)
rNeg     . . .     Spirit   .   i - +1 chain mail
rPois    .         Reflect  .   (helmet unavailable)
rElec    .         Harm     .   (no cloak)
rCorr    .                      (no gloves)
MR       .....                  (no boots)
Stlth    ..........             (no amulet)
HPRegen  0.19/turn              Q - ring of fire
MPRegen  0.11/turn              (no ring)

@: confused
A: permanent stasis, dig shafts and tunnels, four strong arms, antennae 3
a: Dig, Shaft Self, Depart the Abyss, Bend Space, Renounce Religion


You were on level 8 of the Dungeon.
You worshipped Lugonu.
Lugonu was pleased with you.
You were not hungry.

You visited 1 branch of the dungeon, and saw 6 of its levels.
You visited the Abyss 1 time.

You collected 252 gold pieces.

Inventory:

Hand Weapons
 a - a +2 falchion (weapon)
 h - a +0 hunting sling
Missiles
 n - 3 boomerangs (quivered)
Armour
 b - a +0 leather armour
 i - a +1 chain mail (worn)
Jewellery
 Q - a ring of fire (left hand)
Scrolls
 f - a scroll of immolation
 t - 3 scrolls of teleportation
 B - a scroll of blinking
Comestibles
 c - 6 rations


   Skills:
 + Level 5.8 Fighting
 * Level 6.6 Long Blades
 - Level 2.1 Armour
 - Level 0.8 Dodging
 - Level 2.1 Invocations


You had 6 spell levels left.
You didn't know any spells.
Your spell library was empty.

Dungeon Overview and Level Annotations

Branches:
Dungeon (8/15)
 Temple: D:4-7         Lair: D:8-11

Altars:
Ashenzari
Gozag

Annotations:
D:2 Sigmund
D:3 1 runed translucent door, Crazy Yiuf
D:4 Menkaure


Innate Abilities, Weirdness & Mutations

You cannot be hasted, slowed, berserked, paralysed or teleported.
You can dig through walls and to a lower floor.
Your four strong arms can wield two-handed weapons with a shield.
You have a pair of large antennae on your head. (SInv)


Message History

You closely miss the orc warrior.
The orc warrior is moderately wounded.
The orc warrior barely misses you.
You hit the orc warrior but do no damage.
The orc warrior is moderately wounded.
The orc warrior hits you with a cursed -1 dire flail!
You slash the orc warrior!
The orc warrior is heavily wounded.
The orc warrior hits you with a cursed -1 dire flail!
* * * LOW HITPOINT WARNING * * *
Your chain mail prevents you from hitting the orc warrior.
The orc warrior is heavily wounded.
The orc warrior hits you with a cursed -1 dire flail!
* * * LOW HITPOINT WARNING * * *
You aren't carrying any items that you can evoke.
Okay, then.
You are confused.
You feel invigorated.
The orc warrior hits you with a cursed -1 dire flail!!
You die...

#...# #...# ##.## #...#
#...# #...# #...# ###
#.{.###o## ##...##{#@#
### ##......#### ..##
##........##
...###.....{....#
....##...>......#
....##....{.....#######
....##....{.....##....#
...###.o........##....#
o.).(.....(....###....#


You could see an orc warrior.

Vanquished Creatures
  A black bear (D:8)
  A big kobold (D:8)
  A bullfrog (D:8)
  A bullfrog skeleton (D:8)
  An orc priest (D:3)
  An orc wizard (D:3)
  An iguana (D:8)
  A worker ant (D:8)
  7 gnolls
  7 adders
  An ufetubus (D:3)
  An ooze (D:1)
  A worm (D:2)
  A dart slug (D:3)
  2 leopard geckos (D:2)
  11 orcs (D:3)
  7 bats
  4 giant cockroaches
  7 goblins
  6 hobgoblins
  6 jackals
  A quokka (D:2)
  3 ball pythons
  4 frilled lizards
  11 kobolds
  6 rats
94 creatures vanquished.

Notes
Turn   | Place    | Note
-------+----------+-------------------------------------------
     0 | Abyss:1  | mortelune the Formicid Abyssal Knight began the quest for
                  | the Orb.
     0 | Abyss:1  | Reached XP level 1. HP: 18/18 MP: 2/2
    34 | Abyss:1  | Noticed an ancient zyme
    35 | D:1      | Escaped the Abyss
   171 | D:1      | Reached XP level 2. HP: 24/24 MP: 3/3
   243 | D:1      | Reached * piety under Lugonu
   611 | D:1      | Reached XP level 3. HP: 30/30 MP: 4/4
   647 | D:1      | Reached skill level 3 in Long Blades
  1456 | D:2      | Reached XP level 4. HP: 24/37 MP: 5/5
  2523 | D:2      | Noticed Sigmund
  2581 | D:2      | Reached skill level 4 in Long Blades
  2597 | D:1      | Reached XP level 5. HP: 27/42 MP: 6/6
  3414 | D:3      | Found a shattered altar of Ashenzari.
  3683 | D:3      | Reached ** piety under Lugonu
  3708 | D:3      | Reached skill level 5 in Long Blades
  3708 | D:3      | Reached XP level 6. HP: 40/50 MP: 7/7
  4118 | D:3      | Reached skill level 5 in Fighting
  4357 | D:3      | Found a runed translucent door.
  4358 | D:3      | Noticed Crazy Yiuf
  4501 | D:4      | Noticed an ogre
  4560 | D:4      | Noticed Menkaure
  4566 | D:4      | You fall into a shaft and drop 3 floors!
  4566 | D:7      | Noticed an orc warrior
  4566 | D:7      | Noticed an ogre
  4598 | D:8      | Reached XP level 7. HP: 27/56 MP: 8/8
  4792 | D:8      | Reached skill level 6 in Long Blades
  4965 | D:8      | Found an opulent altar of Gozag.
  5210 | D:8      | Mangled by an orc warrior

Illustrated notes

Levels and vault maps discovered:
D:1:      lemuel_arrival_lava_pool, layout_basic, serial_bayou_lagoon_a
D:2:      layout_loops_cross, uniq_sigmund
D:3:      layout_rooms, evilmike_ruin_ashenzari, uniq_crazy_yiuf_cottage
D:4:      layout_loops_ring, chequers_temple_overflow_minitemple, first_ration,
          minmay_fractal_squares_gapless_5, uniq_menkaure, uniq_robin
D:7:      layout_cave_pools
D:8:      layout_rooms, grunt_gozag_breadcrumbs, dpeg_oklobed_lair, uniq_joseph

Skill      XL: |  1  2  3  4  5  6  7 |
---------------+----------------------+-----
Long Blades    | 3 4 5 6 |  6.6
Fighting       | 4 5 |  5.8
Armour         | |  2.1
Dodging        | |  0.8
Invocations    | |  2.1

Action                   |  1- 3 |  4- 6 |  7- 9 || total
-------------------------+-------+-------+-------++-------
Melee: Falchion          |    90 |   256 |    63 ||   409
Throw: Boomerang         |       |     1 |     1 ||     2
Invok: Depart the Abyss  |     1 |       |       ||     1
 Abil: Dig               |       |     5 |     2 ||     7
       Shaft Self        |       |     1 |       ||     1
  Use: Scroll            |       |     9 |       ||     9
       Potion            |       |       |     2 ||     2
  Eat: Ration            |     1 |     3 |       ||     4
Armor: Leather armour    |    16 |       |       ||    16
       Chain mail        |    20 |   166 |    39 ||   225
Dodge: Dodged            |    49 |   104 |    16 ||   169
       Rpst.: Falchion   |    22 |    27 |     4 ||    53

Table legend:
 A = Non-vault XP
 B = Vault XP
 C = Vault XP percentage of total XP
 D = Non-vault monster count
 E = Vault monster count
 F = Vault count percentage of total count
                 A         B        C        D         E       F
            +---------+---------+-------+---------+---------+-------
      Total |     869 |       0 |   0.0 |      94 |       0 |   0.0
            +---------+---------+-------+---------+---------+-------
        D:1 |      87 |       0 |   0.0 |      29 |       0 |   0.0
        D:2 |     110 |       0 |   0.0 |      20 |       0 |   0.0
        D:3 |     224 |       0 |   0.0 |      36 |       0 |   0.0
        D:4 |       1 |       0 |   0.0 |       1 |       0 |   0.0
        D:8 |     447 |       0 |   0.0 |       8 |       0 |   0.0
            +---------+---------+-------+---------+---------+-------
